come back despite packet loss. Relic plz

Match 42003193
End
Kettenkrad Recon Vehicle
Construct Infanterie Kompanie
MG 42 Machine Gun Team
GrW 34 Mortar Team
Grenadier Squad
Grenadier Squad
Medical Station
Construct Luftwaffe Kompanie
Pioneer Squad
Jäger Squad
Flak 30 Anti-aircraft Gun Team
Support Elements
Wirbelwind Flakpanzer
Pioneer Squad
Marder III M Tank Destroyer
Marder III M Tank Destroyer
Selects Breakthrough Battlegroup
Selects Rapid Production
Selects Blitzkrieg
Luftwaffe Officer Quarters
Marder III M Tank Destroyer
Construct Panzer Kompanie
Stoßtruppen Squad
Selects Tiger Heavy Tank
Selects Assault Grenadiers
Selects Breakthrough
Jäger Squad
Tiger Heavy Tank
Jäger Squad
Jäger Squad
Selects Incendiary Bombing Run
Marder III M Tank Destroyer
Incendiary Bombing Run
Marder III M Tank Destroyer
Incendiary Bombing Run
Tiger Heavy Tank
Incendiary Bombing Run
AI Takeover
SturmTigerGiap
Nachosguy
smallNhii
Mattie
0
0

Comments sign in to comment!

No comments posted yet!